 Dungeon Crawl Stone Soup version 0.29-a0-515-g7c1fb6cc08 (webtiles) character file.

Game seed: 4004420229109894509

30 27snakeeyes612 the Chopper (level 3, -4/33 HPs)
             Began as a Minotaur Berserker on May 30, 2022.
             Was a Believer of Trog.
             Slain by Sigmund
             ... wielding a +0 scythe of protection
              (5 damage)
             ... on level 2 of the Dungeon.
             The game lasted 00:01:00 (934 turns).

27snakeeyes612 the Chopper (Minotaur Berserker)      Turns: 934, Time: 00:01:01

Health: -4/33      AC: 12    Str: 23    XL:     3   Next: 3%
Magic:  2/2        EV:  7    Int:  4    God:    Trog [**....]
Gold:   74         SH:  0    Dex:  9    Spells: 2/2 levels left

rFire   . . .      SeeInvis .   a - +0 hand axe
rCold   . . .      Faith    .   (no shield)
rNeg    . . .      Spirit   .   h - +0 plate armour
rPois   .          Reflect  .   (helmet restricted)
rElec   .          Harm     .   (no cloak)
rCorr   .          Rampage  .   e - +0 pair of gloves
Will    .....                   (no boots)
Stlth   ..........              (no amulet)
HPRegen 0.11/turn               (no ring)
MPRegen 0.08/turn               (no ring)

@: on berserk cooldown, slowed, very slow
A: horns 2, retaliatory headbutt
a: Renounce Religion, Berserk, Trog's Hand


You were on level 2 of the Dungeon.
You worshipped Trog.
Trog was pleased with you.
You visited 1 branch of the dungeon, and saw 2 of its levels.

You collected 74 gold pieces.

Inventory:

Hand Weapons
 a - a +0 hand axe (weapon)
Armour
 b - a +0 animal skin
 e - a +0 pair of gloves (worn)
 f - a +0 buckler
 h - a +0 plate armour (worn)
Wands
 l - a wand of acid (3)
Scrolls
 c - a scroll of silence {unknown}
 d - 4 scrolls of teleportation {unknown}
 i - a scroll of identify {unknown}
 k - a scroll of fog {unknown}
Potions
 g - a potion of resistance {unknown}
 j - a potion of might {unknown}


   Skills:
 + Level 4.0 Fighting
 + Level 4.0 Axes
 + Level 3.0 Armour
 + Level 2.7 Dodging


You had 2 spell levels left.
You didn't know any spells.
Your spell library was empty.

Dungeon Overview and Level Annotations

Branches:
Dungeon (2/15)

Altars:

Annotations:
D:2 Sigmund


Innate Abilities, Weirdness & Mutations

You have a pair of horns on your head.
You reflexively headbutt those who attack you in melee.


Message History

The ball python is severely wounded.
The ball python bites you. The ball python grabs you.
The ball python constricts you.
You slash the ball python!
You kill the ball python!
Trog accepts your kill.
A magic dart appears from out of thin air!
The magic dart hits you but does no damage.
Something hits you but does no damage.
A red film seems to cover your vision as you go berserk!
You feel yourself moving faster!
You feel mighty! Something hits you.
You barely miss something. You slash something! Your headbutt misses something.
Something hits you.
You barely miss something. You miss something. Your headbutt misses something.
You miss something.
You hear some strange, mumbled words.
You are confused.
You closely miss something. Your headbutt misses something. Something hits you.
You're too confused to move!
Something hits you!
* * * LOW HITPOINT WARNING * * *
You closely miss something. You miss something.
Something hits you but does no damage. Something hits you but does no damage.
You're too confused to move!
You feel a strong urge to attack something.
You're too confused to move!
You are no longer berserk.
You are exhausted.
You feel yourself slow down. Something hits you.
* * * LOW HITPOINT WARNING * * *
You feel less confused. Something hits you but does no damage.
You miss something. Something hits you but does no damage. Something hits you.
* * * LOW HITPOINT WARNING * * *
You hit something but do no damage. Something hits you.
* * * LOW HITPOINT WARNING * * *
Something hits you but does no damage.
You closely miss something. Your headbutt misses something. Something hits you.
You die...

####...†:.#.#
#...†.....#.#
.########....#+##.#.#
........#....#.##.#.#
................#...#
................#...#
................#...#
...............$#...#
####@........#...#
#={.......#...(
#...!.....#.#.##
...........#.#..
#..............
#......########
#......# #......+


There were no monsters in sight!

Vanquished Creatures
  3 ball pythons
  4 endoplasms
  A giant cockroach (D:2)
  4 goblins (D:1)
  A hobgoblin (D:1)
  3 jackals (D:1)
  A quokka (D:1)
  3 bats
  2 frilled lizards
  5 rats (D:1)
27 creatures vanquished.

Vanquished Creatures (others)
  A fungus (D:1)
1 creature vanquished.

Grand Total: 28 creatures vanquished

Notes
Turn   | Place    | Note
-------+----------+-------------------------------------------
     0 | D:1      | 27snakeeyes612 the Minotaur Berserker began the quest for
                  | the Orb.
     0 | D:1      | Reached XP level 1. HP: 19/19 MP: 0/0
   269 | D:1      | Reached XP level 2. HP: 27/27 MP: 1/1
   505 | D:1      | Found a faded altar of an unknown god.
   889 | D:2      | Reached ** piety under Trog
   906 | D:2      | Noticed Sigmund
   914 | D:2      | Reached XP level 3. HP: 31/33 MP: 2/2
   933 | D:2      | HP: 1/33 [something (2)]
   934 | D:2      | Slain by Sigmund

Illustrated notes

Levels and vault maps discovered:
D:1:      erik_arrival_orb_chamber, layout_basic,
          shapermc_ecumenical_altar_mp_urbaneastern
D:2:      layout_basic, uniq_sigmund

Skill      XL: |  1  2 |
---------------+-------+-----
Axes           | 4 |  4.0
Fighting       | 4 |  4.0
Armour         | 3 |  3.0
Dodging        | |  2.7

Action                   || total
-------------------------++-------
Melee: Hand axe          ||    47
       Headbutt          ||     5
Invok: Berserk           ||     1
Armor: Animal skin       ||     4
       Plate armour      ||    21
Dodge: Dodged            ||    31

Table legend: (Time is in decaauts)
 A = Elapsed time spent in this place.
 B = Non-inter-level travel time spent in this place.
 C = Inter-level travel time spent in this place.
 D = Time resting spent in this place.
 E = Time spent auto-exploring this place.
 F = Levels seen in this place.
 G = Mean time per level.
                   A        B        C        D        E       F      G
               +--------+--------+--------+--------+--------+-----+--------+
         Total |    935 |    856 |     79 |      0 |    677 |   2 |  467.5 |
       Dungeon |    935 |    856 |     79 |      0 |    677 |   2 |  467.5 |
               +--------+--------+--------+--------+--------+-----+--------+

Top non-repeatable levels by time:
     D:1: 852 daAuts
     D:2: 82 daAuts
